 Dungeon Crawl Stone Soup version 0.17-a0-2115-g0d8b93e (webtiles) character file.

218 Stop the Skirmisher (level 5, 0/44 HPs)
             Began as a Demonspawn Wanderer on Oct 20, 2015.
             Was a Follower of Okawaru.
             Slain by an orc
             ... wielding a +0 hand axe
              (4 damage)
             ... on level 3 of the Dungeon.
             The game lasted 00:04:59 (2288 turns).

Stop the Skirmisher (Demonspawn Wanderer)           Turns: 2288, Time: 00:04:59

Health: 0/44       AC:  6    Str: 14      XL:     5   Next: 63%
Magic:  5/5        EV: 10    Int: 10 (13) God:    Okawaru [*.....]
Gold:   73         SH:  0    Dex: 12      Spells: 0 memorised, 4 levels left

rFire  . . .     SeeInvis .     a - +2 hand axe
rCold  . . .     Clarity  .     b - +0 ring mail
rNeg   . . .     SustAt   .     (no shield)
rPois  .         Gourm    .     p - +0 helmet
rElec  .         Spirit   .     (no cloak)
rCorr  .         Warding  .     (no gloves)
rMut   .         Stasis   .     (no boots)
MR     .....                    g - amulet of faith
Stlth  ++........               (no ring)
                                (no ring)

@: flying (expiring), not resistant to hostile enchantments, unstealthy
A: hooves 1, nightstalker 1
a: Heroism, Renounce Religion


You were on level 3 of the Dungeon.
You worshipped Okawaru.
Okawaru was aware of your devotion.
You were hungry.

You visited 1 branch of the dungeon, and saw 3 of its levels.

You collected 73 gold pieces.

Inventory:

Hand Weapons
 a - a +2 hand axe (weapon)
Armour
 b - a +0 ring mail (worn)
 p - a +0 helmet (worn)
Jewellery
 g - an amulet of faith (around neck)
Wands
 s - a wand of polymorph (10)
Scrolls
 c - a scroll of teleportation
 e - a scroll of recharging {unknown}
 h - a scroll of magic mapping {unknown}
 i - 2 scrolls of enchant armour {unknown}
 k - a scroll of identify {unknown}
 l - a scroll of remove curse {unknown}
 m - 4 scrolls of fear {unknown}
 q - a scroll of blinking {unknown}
Comestibles
 d - 3 bread rations
 f - 3 beef jerkies
 j - 3 fruits
 n - 2 meat rations
 u - a royal jelly


   Skills:
 - Level 5.0 Fighting
 + Level 4.0 Axes
 - Level 1.0 Throwing
 - Level 2.6 Armour
 - Level 1.0 Evocations


You had 4 spell levels left.
You didn't know any spells.

Dungeon Overview and Level Annotations

Branches:
Dungeon (3/15)

Altars:
Makhleb
Okawaru
Qazlal
Vehumet


Innate Abilities, Weirdness & Mutations

You have large cloven feet.
You are slightly more attuned to the shadows.


Message History

The orc priest hits you with a war axe.
* * * LOW HITPOINT WARNING * * *
You slash the orc priest!
The orc priest is severely wounded.
The orc priest closely misses you.
You hit the orc priest but do no damage.
The orc priest is severely wounded.
The orc priest hits you but does no damage.
You hit the orc priest.
You kill the orc priest!
Okawaru accepts your kill.
Your Axes skill increases to level 4!
You hit the giant newt.
You kill the giant newt!
Okawaru accepts your kill.
You hit the orc. You kick the orc, but do no damage.
The orc is heavily wounded.
You are starting to lose your buoyancy.
The orc hits you with a hand axe.
You die...

#....#.##...(#
##..)...##....#
#....(........######
#.....####.........#
####.....####.........#
.........##.....<.....#
......>................
.
......#####.####÷#####
#). ###.###.....#
#@#####o...
#§....#.#####
##o##..Klo.. #.....#.#
#..).o# ..._....#
#..(.#### #.....#.#
#..##.# #§...§### #.#
#.# ###.### #.. ..#
.....# #. .## .....# .
..


You could see an orc.

Vanquished Creatures
  An orc priest (D:3)
  A crimson imp (D:3)
  Natasha (thrice) (D:2)
  8 adders (D:2)
  A worm (D:2)
  3 orcs (D:3)
  8 bats
  3 giant cockroaches
  5 hobgoblins
  5 giant newts
  5 goblins
  9 kobolds
  3 rats
55 creatures vanquished.

Notes
Turn   | Place    | Note
--------------------------------------------------------------
     0 | D:1      | Stop the Demonspawn Wanderer began the quest for the Orb.
     0 | D:1      | Stop set off with: a +2 hand axe, a +0 ring mail, a scroll of teleportation, a bread ration
     0 | D:1      | Reached XP level 1. HP: 16/16 MP: 1/1
   185 | D:1      | Reached skill level 3 in Axes
   234 | D:1      | Gained mutation: You have large cloven feet. [demonic ancestry]
   234 | D:1      | Reached XP level 2. HP: 19/22 MP: 2/2
   619 | D:2      | Found an iron altar of Okawaru.
   631 | D:2      | Became a worshipper of Warmaster Okawaru
   644 | D:2      | Gained mutation: You are slightly more attuned to the shadows. [demonic ancestry]
   644 | D:2      | Reached XP level 3. HP: 26/29 MP: 3/3
  1368 | D:2      | Noticed Natasha
  1380 | D:2      | Killed Natasha
  1380 | D:2      | Reached skill level 4 in Fighting
  1380 | D:2      | Reached XP level 4. HP: 23/37 MP: 4/4
  1434 | D:2      | Noticed Natasha
  1442 | D:2      | Killed Natasha
  1762 | D:2      | Noticed Natasha
  1910 | D:2      | Reached * piety under Okawaru
  1910 | D:2      | Reached XP level 5. HP: 38/43 MP: 5/5
  1970 | D:2      | Reached skill level 5 in Fighting
  2080 | D:2      | Killed Natasha
  2142 | D:3      | Found a stormy altar of Qazlal.
  2159 | D:3      | Found a burning altar of Makhleb.
  2160 | D:3      | Found a radiant altar of Vehumet.
  2288 | D:3      | Slain by an orc

Vault maps used:
D:1:      minmay_arrival_three_doors
D:2:      kennysheep_six_static_rooms, okawaru_ov_weapons_minmay, first_bread,
          uniq_natasha
D:3:      nicolae_overflow_hidden_temple,
          grunt_temple_overflow_lords_of_destruction, grunt_qazlal_clouds,
          uniq_grinder, uniq_crazy_yiuf_cottage, uniq_robin

Action                   |  1- 3 |  4- 6 || total
-------------------------+-------+-------++-------
Melee: Hand axe          |    95 |   122 ||   217
  Use: Potion            |     1 |     3 ||     4
 Stab: Sleeping          |       |     1 ||     1
  Eat: Chunk             |       |     4 ||     4
